[ AOE2 MATCH · #506731809 ]
UnrankedRomans vs Britons
Player's team · WIN
Rival team · LOSS
[ REPLAY ANALYSIS · EXTRACTED FROM THE RECORDED GAME ]
Feudal
8:37
Castle
—
Imperial
—
| APM avg | 61.8 |
| APM peak | 97 |
| eAPM avg | 20.5 |
| Villagers / military | 38 / 26 |
Focus
⚔️ 43.7% · 🌾 56.3%
Skirmisher ×13 · Scout Cavalry ×9 · Spearman ×4
Feudal
10:39
Castle
—
Imperial
—
| APM avg | 38.2 |
| APM peak | 57 |
| eAPM avg | 16.9 |
| Villagers / military | 39 / 21 |
Focus
⚔️ 35.7% · 🌾 64.3%
Archer ×14 · Spearman ×7
Match map
Initial resources + every placement click. Lines = walls · curves = elevation contours. ◆ gold · ⬟ stone · ● berries · ✦ relic · ◌ wall gap
Your base· Open — 4t gap
Huggieg's base· Open — 7t gap
Smoothed initial terrain · ◌ = detected wall gap · hover for details
Inputs per minute
— Ivannovich - - Huggieg
Build order — Ivannovich
109 actions detected in the replay
| 0:00 | Queue | Villager (Male) |
| 0:00 | Queue | Villager (Male) |
| 0:01 | Build | House |
| 0:03 | Build | House |
| 0:05 | Queue | Villager (Male) |
| 0:06 | Queue | Villager (Male) |
| 1:25 | Queue | Villager (Male) |
| 1:50 | Queue | Villager (Male) |
| 2:09 | Queue | Villager (Male) |
| 2:09 | Queue | Villager (Male) |
| 3:02 | Queue | Villager (Male) |
| 3:02 | Queue | Villager (Male) |
| 3:02 | Queue | Villager (Male) |
| 3:11 | Build | Mill |
| 3:25 | Queue | Villager (Male) |
| 3:41 | Queue | Villager (Male) |
| 4:07 | Queue | Villager (Male) |
| 4:45 | Research | Loom |
| 4:48 | Build | House |
| 4:56 | Queue | Villager (Male) |
| 5:20 | Build | Lumber Camp |
| 5:30 | Queue | Villager (Male) |
| 6:02 | Queue | Villager (Male) |
| 6:22 | Research | Feudal Age |
| 6:22 | Research | Feudal Age |
| 7:21 | Build | Barracks |
| 7:25 | Queue | Villager (Male) |
| 7:41 | Build | House |
| 8:08 | Build | House |
| 8:37 | Age | Feudal Age |
| 8:39 | Build | Stable |
| 8:48 | Queue | Spearman |
| 9:04 | Queue | Villager (Male) |
| 9:06 | Queue | Scout Cavalry |
| 9:08 | Queue | Villager (Male) |
| 9:17 | Queue | Scout Cavalry |
| 9:24 | Queue | Spearman |
| 9:31 | Queue | Villager (Male) |
| 9:52 | Queue | Spearman |
| 10:06 | Queue | Scout Cavalry |
| 10:15 | Build | Mill |
| 10:21 | Queue | Scout Cavalry |
| 10:54 | Queue | Villager (Male) |
| 11:02 | Build | Watch Tower |
| 11:30 | Queue | Scout Cavalry |
| 11:33 | Queue | Villager (Male) |
| 12:00 | Build | House |
| 12:00 | Build | House |
| 12:05 | Build | Palisade Wall |
| 12:16 | Queue | Scout Cavalry |
| 12:30 | Queue | Scout Cavalry |
| 12:38 | Build | Mill |
| 12:41 | Queue | Scout Cavalry |
| 13:06 | Build | Archery Range |
| 13:34 | Build | Blacksmith |
| 13:47 | Queue | Villager (Male) |
| 13:50 | Queue | Villager (Male) |
| 13:57 | Queue | Skirmisher ×5 |
| 14:20 | Research | Fletching |
| 14:27 | Build | Mining Camp |
| 14:37 | Queue | Skirmisher |
| 15:11 | Queue | Skirmisher |
| 15:37 | Queue | Villager (Male) |
| 15:38 | Build | Farm |
| 15:38 | Build | Farm |
| 15:39 | Build | Farm |
| 15:39 | Build | Farm |
| 15:39 | Build | Farm |
| 15:39 | Build | Farm |
| 15:40 | Build | Farm |
| 15:48 | Queue | Villager (Male) |
| 16:29 | Research | Padded Archer Armor |
| 16:30 | Queue | Villager (Male) |
| 16:34 | Build | Farm |
| 16:35 | Build | Farm |
| 16:36 | Build | House |
| 16:42 | Build | Watch Tower |
| 17:05 | Queue | Villager (Male) |
| 17:17 | Queue | Villager (Male) |
| 17:38 | Build | Palisade Wall |
| 17:40 | Build | Palisade Wall |
| 17:41 | Build | Palisade Wall |
| 17:44 | Build | Palisade Wall |
| 18:20 | Queue | Villager (Male) |
| 18:21 | Build | Farm |
| 18:22 | Build | Farm |
| 18:22 | Build | Farm |
| 18:22 | Build | Farm |
| 18:22 | Build | Farm |
| 18:39 | Queue | Skirmisher ×4 |
| 18:44 | Build | Palisade Wall |
| 18:55 | Queue | Villager (Male) |
| 18:59 | Build | House |
| 19:02 | Build | House |
| 19:12 | Queue | Villager (Male) |
| 19:24 | Queue | Skirmisher |
| 19:34 | Queue | Scout Cavalry |
| 19:42 | Queue | Villager (Male) |
| 19:54 | Queue | Villager (Male) |
| 20:20 | Queue | Villager (Male) |
| 20:22 | Build | Mining Camp |
| 20:36 | Build | Mill |
| 20:49 | Build | Farm |
| 20:50 | Build | Farm |
| 20:50 | Build | Farm |
| 20:50 | Queue | Villager (Male) |
| 21:03 | Queue | Spearman |
| 21:06 | Queue | Skirmisher |
| 21:36 | Queue | Villager (Male) |
Build order — Huggieg
89 actions detected in the replay
| 0:02 | Queue | Villager (Male) ×4 |
| 0:05 | Build | House |
| 0:06 | Build | House |
| 0:23 | Research | Loom |
| 0:24 | Queue | Villager (Male) ×3 |
| 1:25 | Queue | Villager (Male) |
| 1:25 | Queue | Villager (Male) |
| 1:51 | Queue | Villager (Male) |
| 1:51 | Queue | Villager (Male) |
| 2:34 | Queue | Villager (Male) |
| 2:38 | Queue | Villager (Male) |
| 3:19 | Queue | Villager (Male) |
| 3:20 | Queue | Villager (Male) |
| 3:27 | Build | Lumber Camp |
| 3:40 | Queue | Villager (Male) |
| 3:40 | Queue | Villager (Male) |
| 4:00 | Queue | Villager (Male) |
| 4:01 | Queue | Villager (Male) |
| 4:01 | Queue | Villager (Male) |
| 4:35 | Build | House |
| 4:37 | Queue | Villager (Male) |
| 5:37 | Queue | Villager (Male) |
| 5:37 | Queue | Villager (Male) |
| 5:58 | Queue | Villager (Male) |
| 5:59 | Queue | Villager (Male) |
| 6:00 | Queue | Villager (Male) |
| 6:21 | Build | Mining Camp |
| 6:27 | Build | House |
| 7:56 | Queue | Villager (Male) |
| 8:29 | Research | Feudal Age |
| 9:03 | Build | Barracks |
| 9:53 | Build | House |
| 10:28 | Queue | Villager (Male) |
| 10:28 | Queue | Villager (Male) |
| 10:39 | Age | Feudal Age |
| 10:50 | Build | Archery Range |
| 10:58 | Queue | Spearman |
| 11:36 | Queue | Spearman |
| 12:01 | Build | Archery Range |
| 12:23 | Queue | Archer |
| 12:23 | Queue | Archer |
| 12:45 | Queue | Archer |
| 12:50 | Queue | Spearman |
| 13:05 | Build | Watch Tower |
| 13:11 | Queue | Archer |
| 13:12 | Queue | Archer |
| 13:28 | Build | Blacksmith |
| 13:30 | Queue | Villager (Male) |
| 13:30 | Queue | Villager (Male) |
| 13:51 | Build | Mining Camp |
| 13:54 | Build | House |
| 13:57 | Build | House |
| 14:06 | Research | Fletching |
| 14:15 | Queue | Archer |
| 14:22 | Build | Mining Camp |
| 14:25 | Queue | Villager (Male) |
| 14:26 | Queue | Villager (Male) |
| 14:37 | Queue | Spearman |
| 14:54 | Queue | Archer |
| 15:20 | Queue | Villager (Male) |
| 15:32 | Queue | Spearman |
| 15:33 | Queue | Villager (Male) |
| 15:34 | Queue | Villager (Male) |
| 15:34 | Queue | Villager (Male) |
| 16:12 | Queue | Spearman |
| 16:42 | Queue | Archer |
| 16:43 | Queue | Archer |
| 16:45 | Build | Archery Range |
| 16:48 | Build | House |
| 16:49 | Build | House |
| 16:59 | Queue | Archer |
| 17:01 | Queue | Spearman |
| 17:25 | Build | Lumber Camp |
| 17:55 | Queue | Villager (Male) |
| 18:41 | Queue | Archer |
| 18:42 | Queue | Archer |
| 19:17 | Build | Mill |
| 19:33 | Build | Mill |
| 19:41 | Queue | Archer |
| 19:42 | Queue | Archer |
| 20:32 | Build | Market |
| 20:33 | Queue | Villager (Male) |
| 20:42 | Build | House |
| 20:45 | Build | House |
| 20:47 | Build | House |
| 20:51 | Build | House |
| 20:53 | Build | House |
| 21:02 | Build | House |
| 21:04 | Build | House |
Match timeline
| 7:21 | Ivannovich · first_building Barracks |
| 8:37 | Ivannovich · age_up feudal |
| 8:39 | Ivannovich · first_building Stable |
| 9:03 | Huggieg · first_building Barracks |
| 10:39 | Huggieg · age_up feudal |
| 10:50 | Huggieg · first_building Archery Range |
| 12:05 | Ivannovich · wall_segment Palisade Wall x1 |
| 13:06 | Ivannovich · first_building Archery Range |
| 17:38 | Ivannovich · wall_segment Palisade Wall x1 |
| 17:40 | Ivannovich · wall_segment Palisade Wall x1 |
| 17:41 | Ivannovich · wall_segment Palisade Wall x1 |
| 17:44 | Ivannovich · wall_segment Palisade Wall x1 |
| 18:44 | Ivannovich · wall_segment Palisade Wall x1 |
| 21:22 | Huggieg · first_market_sell 500 wood |
| 21:46 | Huggieg · resign |
[ AI ANALYSIS · 1 CREDIT ]
What really happened in this match?
Wolo.gg analyzes every decision: build order, eco, micro, common mistakes by bracket. Personalized analysis on WhatsApp or Discord in 30 seconds.
Civ guide
Romans
Perfil
Jugador #10002548